 Dungeon Crawl Stone Soup version 0.29-a0-284-gf9362112df (webtiles) character file.

Game seed: 661194684329752401

63 sammy202020 the Skirmisher (level 4, -5/48 HPs)
             Began as an Ogre Gladiator on Mar 21, 2022.
             Slain by an orc
             ... wielding a +0 trident
              (9 damage)
             ... on level 3 of the Dungeon.
             The game lasted 00:03:28 (2060 turns).

sammy202020 the Skirmisher (Ogre Gladiator)         Turns: 2060, Time: 00:03:28

Health: -5/48      AC:  3    Str: 18    XL:     4   Next: 9%
Magic:  4/4        EV: 10    Int: 11    God:
Gold:   45         SH:  0    Dex: 12    Spells: 3/3 levels left

rFire   + . .      SeeInvis .   a - +1 flail
rCold   . . .      Faith    .   (no shield)
rNeg    . . .      Spirit   .   b - +0 robe
rPois   .          Reflect  .   c - +0 hat
rElec   .          Harm     .   (no cloak)
rCorr   .          Rampage  .   (gloves unavailable)
Will    .....      Clarity  +   (boots unavailable)
Stlth   +.........              (no amulet)
HPRegen 0.16/turn               f - ring of protection from fire
MPRegen 0.09/turn               (no ring)

@: confused, ambrosia-drunk
A: large, unfitting armour, tough skin 1, agile 1, clarity, sense surroundings 1
a: no special abilities


You were on level 3 of the Dungeon.
You visited 1 branch of the dungeon, and saw 3 of its levels.

You collected 45 gold pieces.

Inventory:

Hand Weapons
 a - a +1 flail (weapon)
Missiles
 d - 3 throwing nets
 e - a large rock (quivered)
 h - 6 boomerangs
 q - 10 poisoned darts
Armour
 b - a +0 robe (worn)
 c - a +0 hat (worn)
Jewellery
 f - a ring of protection from fire (left hand)
Potions
 j - a potion of cancellation {unknown}
 l - 2 potions of degeneration
 m - a potion of resistance {unknown}
 o - a potion of mutation


   Skills:
 * Level 3.8 Fighting
 * Level 3.2 Maces & Flails
 + Level 2.4 Throwing
 * Level 3.2 Dodging


You had 3 spell levels left.
You didn't know any spells.
Your spell library contained the following spells:

 Spells                   Type           Power      Damage    Failure   Level
 Summon Small Mammal      Summ           0%         N/A       34%         1
 Call Canine Familiar     Summ           0%         N/A       71%         3
 Summon Guardian Golem    Hex/Summ       0%         N/A       71%         3


Dungeon Overview and Level Annotations

Branches:
Dungeon (3/15)

Altars:

Shops:
D:1 ?


Innate Abilities, Weirdness & Mutations

You are too large for most types of armour.
You have tough skin. (AC +1)
You are agile. (Dex +2)
You possess an exceptional clarity of mind.
You passively map a small area around you.


Message History

The ball python barely misses you. The jackal barely misses you.
Unknown command.
The jackal attacks as you move away! The jackal misses you.
The goblin hits you with a +0 dagger.
You see here a quokka corpse.
The orc attacks as you move away! The orc hits you but does no damage.
Found four items.
You barely miss the goblin. The goblin closely misses you.
The goblin hits you with a +0 dagger.
You sock the goblin!
You kill the goblin!
The jackal closely misses you. The rat bites you but does no damage.
You sock the rat!
You kill the rat!
The jackal bites you but does no damage.
The orc barely misses you. The jackal closely misses you.
You barely miss the jackal. The jackal bites you. The orc closely misses you.
You barely miss the jackal. The jackal bites you.
The orc hits you from afar with a +0 trident.
* * * LOW HITPOINT WARNING * * *
The jackal bites you.
* * * LOW HITPOINT WARNING * * *
The orc hits you from afar with a +0 trident!
* * * LOW HITPOINT WARNING * * *
It was a potion of mutation.
You feel extremely strange.
You feel a strange attunement to the structure of the dungeons.
Your thoughts seem clearer.
You feel agile.
The jackal bites you but does no damage.
The orc barely misses you. The jackal bites you.
* * * LOW HITPOINT WARNING * * *
It was a potion of ambrosia.
You are confused.
You feel invigorated.
The jackal bites you but does no damage.
The orc hits you from afar with a +0 trident.
* * * LOW HITPOINT WARNING * * *
You bump into the rock wall.
The jackal bites you.
* * * LOW HITPOINT WARNING * * *
The orc hits you from afar with a +0 trident!
You die...

, , , * #..
#.., ** * #..
,, # #..*####
####*, #.#..
!/(#,... *
#.... ...#..#
,, #....#...#..
# , , * ,
#@###.# .#
,#.#ho.#, .. ,
#.##So.##.# , ,
#.#..o<...# ,,
,*
*#.##.......#
#?#...........#
* **
###..##....?..#
,,, ...#
###....$... .##
#......##


You could see 3 orcs, a jackal and a ball python.

Vanquished Creatures
  An adder (D:2)
  4 worms
  A dart slug (D:1)
  3 ball pythons (D:1)
  6 endoplasms
  A giant cockroach (D:1)
  4 goblins
  A hobgoblin (D:1)
  3 quokkas
  3 bats
  A frilled lizard (D:1)
  3 kobolds
  7 rats
38 creatures vanquished.

Notes
Turn   | Place    | Note
-------+----------+-------------------------------------------
     0 | D:1      | sammy202020 the Ogre Gladiator began the quest for the Orb.
     0 | D:1      | Reached XP level 1. HP: 22/22 MP: 1/1
   131 | D:1      | Reached XP level 2. HP: 27/31 MP: 2/2
   202 | D:1      | Found Ziymu's Magic Scroll Boutique.
   380 | D:1      | Found a faded altar of an unknown god.
   658 | D:1      | Reached XP level 3. HP: 32/37 MP: 3/3
  2046 | D:3      | Reached XP level 4. HP: 42/48 MP: 4/4
  2058 | D:3      | Gained mutation: You passively map a small area around you.
                  | [potion of mutation]
  2058 | D:3      | Gained mutation: You possess an exceptional clarity of
                  | mind. [potion of mutation]
  2058 | D:3      | Gained mutation: You are agile. (Dex +2) [potion of
                  | mutation]
  2058 | D:3      | HP: 1/48 [jackal (3)]
  2060 | D:3      | Slain by an orc

Illustrated notes

Levels and vault maps discovered:
D:1:      onia_arrival_handbag, layout_loops_ring, serial_shops, shop,
          basic_ecumenical_altar, amcnicky_mini_pool_small
D:2:      layout_basic, kennysheep_nub, hangedman_feature_mirror
D:3:      layout_basic, minmay_vboxes

Skill      XL: |  1  2 |
---------------+-------+-----
Fighting       | 3 |  3.8
Dodging        | 3 |  3.2
Maces & Flails | 3 |  3.2
Throwing       | |  2.4

Action                   |  1- 3 |  4- 6 || total
-------------------------+-------+-------++-------
Melee: Flail             |    98 |    10 ||   108
  Use: Scroll            |     6 |       ||     6
       Potion            |       |     2 ||     2
 Stab: Sleeping          |     2 |       ||     2
Armor: Robe              |    29 |    10 ||    39
Dodge: Dodged            |    67 |    27 ||    94

Table legend: (Time is in decaauts)
 A = Elapsed time spent in this place.
 B = Non-inter-level travel time spent in this place.
 C = Inter-level travel time spent in this place.
 D = Time resting spent in this place.
 E = Time spent auto-exploring this place.
 F = Levels seen in this place.
 G = Mean time per level.
                   A        B        C        D        E       F      G
               +--------+--------+--------+--------+--------+-----+--------+
         Total |   2086 |   2086 |      0 |      0 |   1711 |   3 |  695.3 |
       Dungeon |   2086 |   2086 |      0 |      0 |   1711 |   3 |  695.3 |
               +--------+--------+--------+--------+--------+-----+--------+

Top non-repeatable levels by time:
     D:2: 1121 daAuts
     D:1: 939 daAuts
     D:3: 24 daAuts
